 Dungeon Crawl Stone Soup version 0.16-a0-3992-g631dd12 (webtiles) character file.

509 Malachi the Chopper (level 7, -5/60 HPs)
             Began as a Ghoul Gladiator on Feb 12, 2015.
             Slain by Vidiiot's ghost (9 damage)
             ... on level 4 of the Dungeon.
             The game lasted 00:08:14 (3082 turns).

Malachi the Chopper (Ghoul Gladiator)               Turns: 3082, Time: 00:08:15

Health: -5/60      AC: 14    Str: 23    XL:     7   Next: 19%
Magic:  5/5        EV:  7    Int:  3    God:
Gold:   166        SH:  0    Dex:  9    Spells: 0 memorised, 6 levels left

rFire  . . .     SeeInvis .     a - +0 war axe
rCold  + . .     Clarity  .     i - +0 plate armour
rNeg   + + +     SustAb   .     (no shield)
rPois  ∞         Gourm    .     c - +0 helmet
rElec  .         Spirit   .     C - +1 cloak
rCorr  .         Warding  .     (no gloves)
rMut   .         Stasis   .     (no boots)
MR     .....                    (no amulet)
Stlth  ..........               (no ring)
                                h - +2 ring of strength

@: rotting, not resistant to hostile enchantments, extremely unstealthy
A: rotting body, claws 1, carnivore 3, cold resistance 1, negative energy
resistance 3, poison resistance, slow healing 1, torment resistance, unbreathing
a: no special abilities


You were on level 4 of the Dungeon.
You were not hungry.

You visited 1 branch of the dungeon, and saw 5 of its levels.

You collected 166 gold pieces.

Inventory:

Hand weapons
 a - a +0 war axe (weapon)
Missiles
 d - 3 throwing nets (quivered)
 m - 5 tomahawks
 n - 4 steel tomahawks
 A - 7 javelins
Armour
 b - a +0 leather armour
 c - a +0 helmet (worn)
 g - a +0 ring mail
 i - a +0 plate armour (worn)
 C - a +1 cloak (worn)
Jewellery
 h - a +2 ring of strength (left claw)
Scrolls
 e - 10 scrolls of identify {unknown}
 k - a scroll of amnesia {unknown}
 o - a scroll of enchant armour {unknown}
 q - a scroll of magic mapping {unknown}
 t - a scroll of teleportation {unknown}
 u - a scroll of fear {unknown}
 w - a scroll of noise {unknown}
 x - 2 scrolls of remove curse {unknown}
 y - a scroll of random uselessness {unknown}
Potions
 f - a potion of invisibility {unknown}
 j - a potion of curing {unknown}
 l - a potion of heal wounds {unknown}
 s - a potion of lignification {unknown}
 v - a potion of poison {unknown}
 z - a potion of haste {unknown}
 B - a potion of magic {unknown}
Comestibles
 p - a beef jerky


   Skills:
 + Level 4.4 Fighting
 + Level 4.5 Axes
 + Level 2.0 Throwing
 + Level 3.3 Armour
 + Level 3.6 Dodging


You had 6 spell levels left.
You didn't know any spells.

Dungeon Overview and Level Annotations

Branches:
Dungeon (5/15)
 Temple: D:4-7

Altars:
Ashenzari

Annotations:
D:4 Vidiiot's ghost, weakling DsAM


Innate Abilities, Weirdness & Mutations

Your body is rotting away.
You thrive on raw meat.
You have sharp fingernails.
You are carnivorous and can eat meat at any time.
Your flesh is cold resistant.
You are immune to negative energy.
Your system is resistant to poisons.
You heal slowly when monsters are visible.
You are immune to unholy pain and torment.
You can survive without breathing.


Message History

The iguana bites you!
* * * LOW HITPOINT WARNING * * *
The orc hits you with a dagger.
* * * LOW HITPOINT WARNING * * *
Vidiiot's ghost hits you but does no damage.
The iguana bites you but does no damage.
You are too injured to fight recklessly!
Unknown command.
You slash the iguana!
You kill the iguana!
You hit Vidiiot's ghost.
Vidiiot's ghost is severely damaged.
You hit the orc but do no damage.
The orc is severely wounded.
The orc barely misses you. Vidiiot's ghost hits you!
* * * LOW HITPOINT WARNING * * *
The orc hits you with a dagger.
* * * LOW HITPOINT WARNING * * *
Vidiiot's ghost hits you!
You die...

. .. ####### ### ...###
#.....#####.########### ......
#.##.)...##...........#
......###.##...o†##.#########.#
......)†.......W@##.......# #.#
....[.###.##...†..........# #.#
.......W..##.....##.......# #.#
..........#......##.......# #.#
..........#......##.......# #.#
..........#.#################.#
.........#. #.....# #######.##
#.##### #.. #.#######


You could see Vidiiot's ghost and an orc.

Vanquished Creatures
  An ogre (D:4)
  A scorpion (D:4)
  A hound (D:3)
  Crazy Yiuf (D:3)
  A jelly (D:3)
  2 iguanas (D:4)
  6 adders
  4 gnolls
  5 worms
  A giant gecko (D:3)
  3 oozes
  8 orcs
  A ball python (D:2)
  7 bats
  12 hobgoblins
  14 jackals
  2 quokkas
  5 giant cockroaches
  2 giant newts
  10 goblins
  7 kobolds
  12 rats
106 creatures vanquished.

Notes
Turn   | Place    | Note
--------------------------------------------------------------
     0 | D:1      | Malachi, the Ghoul Gladiator, began the quest for the Orb.
     0 | D:1      | Reached XP level 1. HP: 17/17 MP: 1/1
    12 | D:1      | Found a shattered altar of Ashenzari.
    82 | D:1      | Reached XP level 2. HP: 9/25 MP: 2/2
    87 | D:1      | Reached skill level 3 in Dodging
   568 | D:1      | Reached XP level 3. HP: 30/30 MP: 3/3
  1098 | D:2      | Reached skill level 1 in Armour
  1154 | D:2      | Reached XP level 4. HP: 19/37 MP: 3/3
  1338 | D:2      | Reached XP level 5. HP: 45/45 MP: 4/4
  2170 | D:3      | Reached XP level 6. HP: 45/52 MP: 5/5
  2441 | D:3      | Reached skill level 4 in Axes
  2552 | D:3      | Noticed Crazy Yiuf
  2563 | D:3      | Killed Crazy Yiuf
  2844 | D:4      | Noticed Vidiiot's ghost (weakling DsAM)
  2847 | D:4      | Reached XP level 7. HP: 18/60 MP: 5/5
  2865 | D:5      | Entered Level 5 of the Dungeon
  3082 | D:4      | Slain by Vidiiot's ghost

Action                   |  1- 3 |  4- 6 |  7- 9 || total
-------------------------+-------+-------+-------++-------
Melee: War axe           |   115 |   265 |    15 ||   395
  Eat: Chunk             |    17 |    20 |     1 ||    38
